 Dungeon Crawl Stone Soup version 0.28-a0-919-g0b5b508569 (webtiles) character file.

Game seed: 16870930407213590164

60 geedmat the Chopper (level 3, -1/31 HPs)
             Began as a Palentonga Abyssal Knight on Sept 5, 2021.
             Was a Believer of Lugonu.
             Slain by an orc (2 damage)
             ... on level 3 of the Dungeon on Nov 26, 2021.
             The game lasted 00:13:47 (2299 turns).

geedmat the Chopper (Palentonga Abyssal Knight)     Turns: 2299, Time: 00:13:47

Health: -1/31      AC:  5    Str: 16    XL:     3   Next: 80%
Magic:  4/4        EV:  8    Int: 12    God:    Lugonu [**....]
Gold:   110        SH:  0    Dex:  9    Spells: 2/2 levels left

rFire   . . .      SeeInvis +   a - +1 hand axe
rCold   . . .      Faith    .   (no shield)
rNeg    . . .      Spirit   .   h - +0 ring mail
rPois   .          Reflect  .   (no helmet)
rElec   .          Harm     .   (no cloak)
rCorr   .          Rampage  .   (no gloves)
Will    +....                   (no barding)
Stlth   ..........              (no amulet)
HPRegen 0.10/turn               f - ring of willpower
MPRegen 0.09/turn               (no ring)

@: no status effects
A: large, rugged brown scales 3, see invisible, deformed body, roll 1, armoured
tail
a: Rolling Charge, Renounce Religion, Depart the Abyss, Bend Space


You were on level 3 of the Dungeon.
You worshipped Lugonu.
Lugonu was pleased with you.
You visited 1 branch of the dungeon, and saw 3 of its levels.
You visited the Abyss 1 time.

You collected 110 gold pieces.

Inventory:

Hand Weapons
 a - a +1 hand axe (weapon)
 i - a +0 short sword
Missiles
 g - 99 stones
Armour
 b - a +1 leather armour
 h - a +0 ring mail (worn)
Jewellery
 f - a ring of willpower (left hand)
 j - an amulet of reflection
 p - a +6 ring of intelligence
Scrolls
 c - a scroll of enchant weapon {unknown}
 d - a scroll of magic mapping {unknown}
 k - a scroll of fear {unknown}
 m - a scroll of identify {unknown}
 r - a scroll of fog {unknown}
 t - a scroll of teleportation {unknown}
 u - a scroll of noise {unknown}
Potions
 e - a potion of might {unknown}
 l - a potion of attraction {unknown}
 n - a potion of invisibility {unknown}
 o - a potion of berserk rage {unknown}
 q - a potion of flight {unknown}
 s - a potion of heal wounds {unknown}


   Skills:
 - Level 3.0 Fighting
 + Level 4.2 Axes
 - Level 1.5 Armour
 - Level 0.7 Dodging
 - Level 2.0 Invocations


You had 2 spell levels left.
You didn't know any spells.
Your spell library contained the following spells:

 Spells                   Type           Power      Damage    Failure   Level
 Ensorcelled Hibernation  Hex/Ice        0%         N/A       67%         2
 Spider Form              Tmut/Pois      0%         N/A       88%         3


Dungeon Overview and Level Annotations

Branches:
Dungeon (3/15)

Altars:
Okawaru

Shops:
D:1 *(!=(


Innate Abilities, Weirdness & Mutations

You are completely covered in rugged brown scales. (AC +3, +7% HP)
You have supernaturally acute eyesight. (SInv)
Armour fits poorly on your strangely shaped body.
You can roll at nearby foes to attack.
You have a long armoured tail.


Message History

Found a stone staircase leading down.
Found a scroll labelled TAXUCE WAOHA.
Found a lumpy grey potion and 15 gold pieces.
r - a scroll labelled TAXUCE WAOHA You now have 110 gold pieces (gained 15).
s - a lumpy grey potion
Found a scroll labelled KECAKH EMESORU.
t - a scroll labelled KECAKH EMESORU
Found an escape hatch in the floor and an escape hatch in the ceiling.
Found a scroll labelled YTTAINOPAOLL.
u - a scroll labelled YTTAINOPAOLL An orc comes into view.
It is wielding a +0 falchion.
The orc shouts!
An orc comes into view. It is wielding a +0 trident.
Found 12 gold pieces.
The orc shouts!
You hear a shout!
An orc comes into view. It is wielding a +0 club.
The orc hits you with a +0 falchion.
The orc hits you from afar with a +0 trident.
You slash the orc!
You kill the orc!
Lugonu accepts your kill.
The orc hits you from afar with a +0 trident.
The orc hits you with a +0 trident.
You see here a +0 falchion.
You barely miss the orc. The orc hits you with a +0 trident.
You closely miss the orc. The orc hits you but does no damage.
The orc hits you from afar with a +0 trident.
The orc hits you with a +0 trident.
You see here a +0 falchion.
You closely miss the orc. The orc hits you with a +0 trident.
* * * LOW HITPOINT WARNING * * *
You hit the orc.
The orc is heavily wounded.
The orc hits you with a +0 trident.
* * * LOW HITPOINT WARNING * * *
You hit the orc.
The orc is severely wounded.
The orc hits you but does no damage. The orc hits you with a +0 trident.
You die...

......###.#### #o..#
.............####### #...#
.......##.##.......###...########
.......##......#.................
.....#..####.#.................##
....###...)........o...........#
.....#..####..####.###...#######
.......## #..####.# #...#
##.##### #....@oo# #...# ##.#
##.###### #...# ##.#
#.########...# ##.######
#.##....... ........# #.##.......
##.####.#####.##..####.##########
.....<...........................
##.####.#####.##............#...#
#.####.# #..............##.#.#.#


You could see 2 orcs.

Vanquished Creatures
  An adder (D:2)
  A worm (D:2)
  2 dart slugs (D:1)
  An orc (D:3)
  3 ball pythons
  2 endoplasms
  7 goblins
  3 hobgoblins
  4 jackals (D:1)
  4 kobolds
  2 quokkas (D:1)
  2 bats (D:1)
  6 frilled lizards (D:1)
  2 rats (D:1)
40 creatures vanquished.

Vanquished Creatures (others)
  An adder (D:2)
1 creature vanquished.

Grand Total: 41 creatures vanquished

Notes
Turn   | Place    | Note
-------+----------+-------------------------------------------
     0 | Abyss:1  | geedmat the Palentonga Abyssal Knight began the quest for
                  | the Orb.
     0 | Abyss:1  | Reached XP level 1. HP: 19/19 MP: 2/2
     0 | Abyss:1  | Upgraded the game from 0.28-a0-407-g69098e2f6d to
                  | 0.28-a0-919-g0b5b508569
     9 | D:1      | Escaped the Abyss
    26 | D:1      | Found Setas's Jewellery Emporium.
   106 | D:1      | Reached XP level 2. HP: 13/25 MP: 3/3
   124 | D:1      | Reached skill level 3 in Axes
   434 | D:1      | Found Zokhlili's Antique Weapon Boutique.
   435 | D:1      | Found Isaiguge's Distillery.
   601 | D:1      | Found Geang's Weapon Shoppe.
   619 | D:1      | Found a faded altar of an unknown god.
   642 | D:1      | Reached ** piety under Lugonu
   819 | D:1      | Reached XP level 3. HP: 23/31 MP: 4/4
   893 | D:1      | Found Kyull's General Store.
  1451 | D:2      | Reached skill level 4 in Axes
  2137 | D:3      | Found an iron altar of Okawaru.
  2298 | D:3      | HP: 1/31 [orc (5)]
  2299 | D:3      | Slain by an orc

Illustrated notes

Levels and vault maps discovered:
D:1:      mainiacjoe_arrival_reflecting_pool, layout_rooms,
          hellmonk_ecumenical_altar_pennies_from_heaven, serial_shops,
          nicolae_shop_stone, nicolae_shop_temple_entry_statues_fountains, shop,
          shop, nicolae_shop_advertising_works [nicolae_subvault_shop_adworks],
          minivault_25
D:2:      layout_loops_cross, lemuel_flame_loot_1
D:3:      layout_loops_cross, lemuel_tele_altar, minmay_misc_feat_chi

Skill      XL: |  1  2  3 |
---------------+----------+-----
Axes           | 3 4 |  4.2
Fighting       | |  3.0
Armour         | |  1.5
Dodging        | |  0.7
Invocations    | |  2.0

Action                   || total
-------------------------++-------
Melee: Hand axe          ||   129
       Tailslap          ||    10
 Abil: Rolling Charge    ||     4
  Use: Scroll            ||     1
       Potion            ||     1
Armor: Leather armour    ||    27
       Ring mail         ||    25
Dodge: Dodged            ||    52

Table legend: (Time is in decaauts)
 A = Elapsed time spent in this place.
 B = Non-inter-level travel time spent in this place.
 C = Inter-level travel time spent in this place.
 D = Time resting spent in this place.
 E = Time spent auto-exploring this place.
 F = Levels seen in this place.
 G = Mean time per level.
                   A        B        C        D        E       F      G
               +--------+--------+--------+--------+--------+-----+--------+
         Total |   2298 |   2298 |      0 |    770 |      0 |   4 |  574.5 |
       Dungeon |   2289 |   2289 |      0 |    770 |      0 |   3 |  763.0 |
         Abyss |      9 |      9 |      0 |      0 |      0 |   1 |    9.0 |
               +--------+--------+--------+--------+--------+-----+--------+

Top non-repeatable levels by time:
     D:2: 1023 daAuts
     D:1: 939 daAuts
     D:3: 326 daAuts
 Abyss:1: 9 daAuts
